[ PARTIDA AOE2 · #494624236 ]
UnrankedMaya vs Vietnamese
Equipo del jugador · DERR
Equipo rival · VICT
[ ANÁLISIS DE REPETICIÓN · EXTRAÍDO DE LA PARTIDA GRABADA ]
Feudal
10:08
Castillos
—
Imperial
—
| APM promedio | 53.0 |
| APM pico | 98 |
| eAPM promedio | 31.9 |
| Aldeanos / militares | 58 / 11 |
Foco
⚔️ 23.6% · 🌾 76.4%
Archer ×11
Feudal
—
Castillos
—
Imperial
—
| APM promedio | 43.8 |
| APM pico | 127 |
| eAPM promedio | 19.6 |
| Aldeanos / militares | 46 / 0 |
Foco
⚔️ 27.2% · 🌾 72.8%
Mapa de la partida
Recursos iniciales + cada clic de construcción. Líneas = muros · curvas = relieve. ◆ oro · ⬟ piedra · ● bayas · ✦ reliquia · ◌ hueco del cierre
Tu base· Abierta — el rival se encerró
Base de maxymczech· ✓ Cerrada en 12:00 · 25t muro · sin puerta
Terreno inicial suavizado · ◌ = hueco del cierre detectado · pasá el cursor para detalles
Inputs por minuto
— [bK] Inocente_ - - maxymczech
Build order — [bK] Inocente_
109 acciones detectadas en el replay
| 0:01 | Investigar | Loom |
| 0:01 | Crear | Villager (Male) |
| 0:01 | Crear | Villager (Male) ×3 |
| 0:02 | Construir | House |
| 0:05 | Construir | House |
| 1:25 | Crear | Villager (Male) |
| 1:25 | Crear | Villager (Male) |
| 1:55 | Crear | Villager (Male) |
| 1:55 | Crear | Villager (Male) |
| 1:58 | Construir | Lumber Camp |
| 2:30 | Crear | Villager (Male) |
| 2:30 | Crear | Villager (Male) |
| 2:30 | Crear | Villager (Male) |
| 3:22 | Crear | Villager (Male) |
| 3:30 | Crear | Villager (Male) |
| 3:54 | Construir | House |
| 4:00 | Crear | Villager (Male) |
| 4:00 | Crear | Villager (Male) |
| 4:12 | Construir | Palisade Gate |
| 4:15 | Construir | Palisade Gate |
| 4:34 | Crear | Villager (Male) |
| 4:34 | Crear | Villager (Male) |
| 4:42 | Construir | Mill |
| 4:46 | Crear | Villager (Male) |
| 4:46 | Crear | Villager (Male) |
| 5:00 | Crear | Villager (Male) |
| 5:00 | Crear | Villager (Male) |
| 5:15 | Crear | Villager (Male) |
| 5:16 | Crear | Villager (Male) |
| 5:38 | Construir | House |
| 6:01 | Crear | Villager (Male) |
| 6:01 | Crear | Villager (Male) |
| 6:02 | Crear | Villager (Male) |
| 6:12 | Construir | Barracks |
| 6:53 | Crear | Villager (Male) |
| 7:15 | Construir | Mining Camp |
| 7:26 | Crear | Villager (Male) |
| 7:58 | Investigar | Feudal Age |
| 7:58 | Investigar | Feudal Age |
| 8:12 | Construir | House |
| 8:15 | Construir | Palisade Wall |
| 8:38 | Construir | House |
| 8:47 | Crear | Villager (Male) |
| 8:47 | Crear | Villager (Male) |
| 8:54 | Construir | Palisade Wall |
| 9:15 | Crear | Villager (Male) |
| 10:02 | Crear | Villager (Male) |
| 10:08 | Edad | Edad Feudal |
| 10:12 | Crear | Villager (Male) |
| 10:14 | Construir | Archery Range |
| 10:31 | Crear | Villager (Male) |
| 10:55 | Crear | Archer |
| 10:56 | Crear | Archer |
| 11:35 | Crear | Villager (Male) |
| 12:09 | Crear | Villager (Male) |
| 12:44 | Crear | Villager (Male) |
| 13:34 | Crear | Villager (Male) |
| 14:05 | Crear | Villager (Male) |
| 16:40 | Construir | Town Center |
| 16:57 | Construir | House |
| 17:35 | Crear | Villager (Male) |
| 17:36 | Crear | Villager (Male) |
| 17:36 | Crear | Villager (Male) |
| 17:38 | Crear | Villager (Male) |
| 17:39 | Construir | House |
| 17:43 | Construir | House |
| 17:53 | Investigar | Double-Bit Axe |
| 17:53 | Investigar | Double-Bit Axe |
| 17:54 | Crear | Villager (Male) |
| 18:08 | Construir | House |
| 18:10 | Construir | Blacksmith |
| 18:12 | Crear | Villager (Male) |
| 18:17 | Crear | Archer |
| 18:18 | Crear | Archer |
| 18:18 | Crear | Archer |
| 18:43 | Crear | Villager (Male) |
| 18:53 | Crear | Archer |
| 19:03 | Construir | Mining Camp |
| 19:21 | Crear | Archer |
| 19:27 | Investigar | Wheelbarrow |
| 19:33 | Investigar | Fletching |
| 19:33 | Investigar | Fletching |
| 19:34 | Crear | Villager (Male) |
| 19:34 | Crear | Villager (Male) |
| 19:42 | Construir | Market |
| 19:56 | Crear | Archer |
| 20:03 | Crear | Villager (Male) |
| 21:04 | Crear | Villager (Male) |
| 21:06 | Crear | Archer |
| 21:14 | Construir | Watch Tower |
| 21:15 | Crear | Villager (Male) |
| 21:30 | Crear | Villager (Male) |
| 21:43 | Crear | Villager (Male) |
| 21:57 | Crear | Villager (Male) |
| 22:18 | Crear | Villager (Male) |
| 22:24 | Crear | Archer |
| 22:25 | Crear | Archer |
| 22:35 | Crear | Villager (Male) |
| 22:48 | Construir | Watch Tower |
| 22:50 | Crear | Villager (Male) |
| 23:03 | Construir | House |
| 23:06 | Construir | House |
| 23:09 | Construir | Palisade Gate |
| 23:15 | Construir | Palisade Wall |
| 23:21 | Crear | Villager (Male) |
| 23:27 | Construir | House |
| 23:33 | Construir | House |
| 23:46 | Construir | Gate |
| 23:51 | Construir | Stone Wall |
Build order — maxymczech
79 acciones detectadas en el replay
| 0:00 | Crear | Villager (Male) |
| 0:02 | Construir | House |
| 0:03 | Construir | House |
| 0:23 | Investigar | Loom |
| 0:23 | Crear | Villager (Male) ×3 |
| 0:24 | Crear | Villager (Male) ×3 |
| 1:46 | Crear | Villager (Male) |
| 1:46 | Crear | Villager (Male) |
| 2:13 | Crear | Villager (Male) |
| 2:13 | Crear | Villager (Male) |
| 2:42 | Crear | Villager (Male) |
| 2:42 | Crear | Villager (Male) |
| 3:05 | Construir | House |
| 3:10 | Construir | House |
| 3:24 | Crear | Villager (Male) ×3 |
| 3:24 | Crear | Villager (Male) ×3 |
| 3:24 | Crear | Villager (Male) ×3 |
| 3:38 | Construir | Lumber Camp |
| 3:45 | Crear | Villager (Male) |
| 3:45 | Crear | Villager (Male) |
| 4:28 | Crear | Villager (Male) ×2 |
| 4:46 | Construir | House |
| 4:47 | Construir | House |
| 5:29 | Construir | Mill |
| 5:35 | Crear | Villager (Male) |
| 5:45 | Crear | Villager (Male) |
| 6:19 | Crear | Villager (Male) |
| 6:55 | Crear | Villager (Male) |
| 6:56 | Crear | Villager (Male) |
| 7:33 | Construir | House |
| 8:20 | Construir | Town Center |
| 8:26 | Construir | Town Center |
| 9:07 | Construir | Town Center |
| 9:20 | Construir | Palisade Wall |
| 9:43 | Construir | Palisade Wall |
| 9:47 | Construir | Palisade Wall |
| 9:54 | Crear | Villager (Male) |
| 9:54 | Crear | Villager (Male) |
| 10:11 | Construir | Palisade Wall |
| 10:14 | Construir | Palisade Wall |
| 10:36 | Crear | Villager (Male) |
| 10:36 | Crear | Villager (Male) |
| 10:37 | Crear | Villager (Male) |
| 10:37 | Crear | Villager (Male) |
| 11:22 | Crear | Villager (Male) |
| 11:23 | Crear | Villager (Male) |
| 12:24 | Crear | Villager (Male) |
| 12:24 | Crear | Villager (Male) |
| 13:35 | Crear | Villager (Male) |
| 13:39 | Construir | Palisade Wall |
| 13:41 | Construir | Palisade Wall |
| 13:41 | Construir | Palisade Wall |
| 14:06 | Construir | House |
| 14:53 | Construir | House |
| 15:50 | Construir | House |
| 16:04 | Crear | Villager (Male) |
| 16:04 | Crear | Villager (Male) |
| 17:54 | Construir | House |
| 17:58 | Construir | House |
| 18:05 | Construir | House |
| 18:07 | Construir | House |
| 18:15 | Construir | House |
| 18:57 | Construir | Farm |
| 18:58 | Construir | Farm |
| 19:20 | Construir | Mining Camp |
| 19:30 | Construir | Farm |
| 19:37 | Crear | Villager (Male) |
| 19:51 | Crear | Villager (Male) |
| 20:10 | Construir | Palisade Gate |
| 20:16 | Construir | House |
| 20:32 | Construir | House |
| 20:56 | Construir | House |
| 21:09 | Construir | House |
| 21:25 | Construir | Town Center |
| 22:41 | Construir | House |
| 22:42 | Construir | House |
| 22:44 | Construir | House |
| 22:45 | Construir | House |
| 22:48 | Construir | Lumber Camp |
Cronología de la partida
| 6:12 | [bK] Inocente_ · first_building Barracks |
| 8:15 | [bK] Inocente_ · wall_segment Palisade Wall x3 |
| 8:54 | [bK] Inocente_ · wall_segment Palisade Wall x1 |
| 9:20 | maxymczech · wall_segment Palisade Wall x1 |
| 9:43 | maxymczech · wall_segment Palisade Wall x10 |
| 9:47 | maxymczech · wall_segment Palisade Wall x5 |
| 10:08 | [bK] Inocente_ · age_up feudal |
| 10:11 | maxymczech · wall_segment Palisade Wall x1 |
| 10:14 | [bK] Inocente_ · first_building Archery Range |
| 10:14 | maxymczech · wall_segment Palisade Wall x8 |
| 13:39 | maxymczech · wall_segment Palisade Wall x1 |
| 13:41 | maxymczech · wall_segment Palisade Wall x1 |
| 13:41 | maxymczech · wall_segment Palisade Wall x1 |
| 21:08 | [bK] Inocente_ · first_market_sell 100 wood |
| 21:27 | [bK] Inocente_ · first_market_buy 100 food |
| 23:15 | [bK] Inocente_ · wall_segment Palisade Wall x1 |
| 23:51 | [bK] Inocente_ · wall_segment Stone Wall x1 |
[ ANÁLISIS IA · 1 CRÉDITO ]
¿Qué pasó realmente en esta partida?
Wolo.gg analiza cada decisión: build order, eco, micro, errores típicos por bracket. Análisis personalizado por WhatsApp o Discord en 30 segundos.
Guía civ
Maya
Perfil
[bK] Inocente_